 Dungeon Crawl Stone Soup version 0.31-a0-978-g1e143483b6 (webtiles) character file.

Game seed: 12679546329844416672

36 Hubris850 the Shooter (level 3, 0/21 HPs)
             Began as a Kobold Hunter on Oct 30, 2023.
             Succumbed to an adder's poison
             ... on level 2 of the Dungeon.
             The game lasted 00:01:57 (875 turns).

Hubris850 the Shooter (Kobold Hunter)                Turns: 875, Time: 00:01:58

Health: 0/21       AC:  3    Str:  8    XL:     3   Next: 57%
Magic:  3/3        EV: 15    Int: 10    God:
Gold:   65         SH:  0    Dex: 20    Spells: 2/2 levels left

rFire   . . .        a - +0 shortbow
rCold   . . .        (shield currently unavailable)
rNeg    . . .        c - +0 leather armour
rPois   .            (no helmet)
rElec   .            (no cloak)
rCorr   .            (no gloves)
SInv    .            (no boots)
Will    .....        (no amulet)
Stlth   +++          (no ring)
HPRegen 0.23/turn    (no ring)
MPRegen 0.08/turn

%: no passive effects
@: lethally poisoned (0 -> -8)
A: small, no large weapons, nightstalker 3
a: no special abilities


You were on level 2 of the Dungeon.
You visited 1 branch of the dungeon, and saw 2 of its levels.

You collected 65 gold pieces.

Inventory:

Hand Weapons
 a - a +0 shortbow (weapon)
Armour
 c - a +0 leather armour (worn)
Scrolls
 b - a scroll of butterflies
 d - 4 scrolls of identify {unknown}
 f - 3 scrolls of noise {unknown}
 g - a scroll of blinking {unknown}
Potions
 e - a potion of resistance {unknown}


   Skills:
 - Level 2.1 Fighting
 + Level 5.8 Ranged Weapons
 + Level 3.2 Dodging
 + Level 2.8 Stealth


You had 2 spell levels left.
You didn't know any spells.
Your spell library was empty.

Dungeon Overview and Level Annotations

Branches:
Dungeon (2/15)

Altars:


Innate Abilities, Weirdness & Mutations

You are small and have problems with some larger weapons.
You are completely attuned to the shadows.


Message History

The arrow hits the adder but does no damage.
The adder closely misses you.
You shoot an arrow. The arrow barely misses the adder.
The adder bites you.
You are poisoned.
The adder poisons you! The adder barely misses you.
You shoot an arrow.
The arrow hits the adder but does no damage.
You feel sick. The adder bites you.
You are more poisoned.
The adder poisons you! The adder bites you.
You shoot an arrow. The arrow barely misses the adder.
You feel sick. The adder closely misses you.
You shoot an arrow. The arrow misses the adder.
You feel sick. The adder bites you.
You are more poisoned.
The adder poisons you! The adder bites you but does no damage.
You shoot an arrow. The arrow hits the adder!
The adder is severely wounded.
You feel very sick. The adder bites you but does no damage.
Okay, then.
Fire: a) +0 shortbow
Press: ? - help, Q - select action Shift-Dir - straight line, f/p - adder
Aim: an adder (severely wounded, 50% to hit)
You shoot an arrow. The arrow completely misses the adder.
You feel sick. The adder closely misses you. The adder barely misses you.
Fire: a) +0 shortbow
Press: ? - help, Q - select action Shift-Dir - straight line, f/p - adder
Aim: an adder (severely wounded, 50% to hit)
You shoot an arrow. The arrow misses the adder.
* * * LOW HITPOINT WARNING * * *
You feel sick. The adder bites you.
* * * LOW HITPOINT WARNING * * *
You are more poisoned.
The adder poisons you!
Fire: a) +0 shortbow
Press: ? - help, Q - select action Shift-Dir - straight line, f/p - adder
Aim: an adder (severely wounded, 50% to hit)
You shoot an arrow. The arrow barely misses the adder.
You die...

..#
#............#
###
....####.....#
.......#
##.....#
#.....#
...###.# ...
#.+### ..
##.....
#@.....
...S......
.........≈
....≈≈###≈
...#.~≈


You could see an adder.

Vanquished Creatures
  An adder (D:2)
  A worm (D:2)
  A bat (D:1)
  2 endoplasms (D:2)
  5 hobgoblins
  A kobold (D:1)
  2 quokkas (D:2)
  2 ball pythons (D:1)
  A frilled lizard (D:1)
  3 goblins (D:1)
  2 rats
21 creatures vanquished.

Notes
Turn   | Place    | Note
-------+----------+-------------------------------------------
     0 | D:1      | Hubris850 the Kobold Hunter began the quest for the Orb.
     0 | D:1      | Reached XP level 1. HP: 12/12 MP: 1/1
   223 | D:1      | Reached XP level 2. HP: 17/17 MP: 2/2
   761 | D:2      | Reached XP level 3. HP: 20/21 MP: 3/3
   875 | D:2      | Succumbed to an adder's poison

Illustrated notes

Levels and vault maps discovered:
D:1:      amcnicky_arrival_abandoned_market, layout_rooms
D:2:      layout_basic, serial_rivers, chequers_serial_rivers_marsh,
          chequers_serial_rivers_small_b, chequers_serial_rivers_small_a,
          chequers_serial_rivers_large_b, chequers_serial_rivers_micro_d,
          minivault_11

Skill      XL: |  1  2 |
---------------+-------+-----
Stealth        | 2 |  2.8
Dodging        | 3 |  3.2
Fighting       | |  2.1
Ranged Weapons | |  5.8

Action                     || total
---------------------------++-------
   Fire: Shortbow          ||    62
 Armour: Leather armour    ||    13
  Dodge: Dodged            ||    19

Table legend: (Time is in decaauts)
 A = Elapsed time spent in this place.
 B = Non-inter-level travel time spent in this place.
 C = Inter-level travel time spent in this place.
 D = Time resting spent in this place.
 E = Time spent auto-exploring this place.
 F = Levels seen in this place.
 G = Mean time per level.
                   A        B        C        D        E       F      G
               +--------+--------+--------+--------+--------+-----+--------+
         Total |    891 |    871 |     20 |      0 |    756 |   2 |  445.5 |
       Dungeon |    891 |    871 |     20 |      0 |    756 |   2 |  445.5 |
               +--------+--------+--------+--------+--------+-----+--------+

Top non-repeatable levels by time:
     D:1: 635 daAuts
     D:2: 255 daAuts
